 Dungeon Crawl Stone Soup version 0.21.1-1-g345015fe64 (webtiles) character file.

168 Mrkan the Ruffian (level 5, 0/52 HPs)
             Began as a Troll Monk on July 13, 2018.
             Slain by an ogre
             ... wielding a +0 giant club
              (21 damage)
             ... on level 3 of the Dungeon.
             The game lasted 00:04:07 (1769 turns).

Mrkan the Ruffian (Troll Monk)                      Turns: 1769, Time: 00:04:08

Health: 0/52       AC:  5    Str: 19    XL:     5   Next: 24%
Magic:  4/4        EV: 11    Int:  6    God:
Gold:   123        SH:  0    Dex: 13    Spells: 4/4 levels left

rFire    . . .     SeeInvis .     - Unarmed
rCold    . . .     Gourm    +   (no shield)
rNeg     . . .     Faith    .   a - +0 robe
rPois    .         Spirit   .   (helmet restricted)
rElec    .         Reflect  .   (no cloak)
rCorr    .         Harm     .   (gloves unavailable)
MR       .....                  (boots unavailable)
Stlth    ++........             (no amulet)
HPRegen  0.57/turn              (no ring)
MPRegen  0.09/turn              (no ring)

@: no status effects
A: large, unfitting armour, claws 3, fast metabolism 3, gourmand, regeneration
1, shaggy fur 1, tough skin 2
a: no special abilities


You were on level 3 of the Dungeon.
You were completely stuffed.

You visited 1 branch of the dungeon, and saw 3 of its levels.

You collected 123 gold pieces.

Inventory:

Armour
 a - a +0 robe (worn)
 o - a +0 buckler
Scrolls
 e - a scroll of magic mapping {unknown}
 g - 2 scrolls of teleportation {unknown}
 h - a scroll of noise {unknown}
 i - 3 scrolls of remove curse {unknown}
 j - a scroll of identify {unknown}
 l - a scroll of immolation {unknown}
Potions
 c - a potion of curing {unknown}
 d - a potion of agility {unknown}
 k - 2 potions of flight {unknown}
 m - a potion of degeneration {unknown}
 n - a potion of might {unknown}
Comestibles
 b - 7 rations
 f - 9 chunks of flesh


   Skills:
 - Level 2.8 Fighting
 - Level 2.8 Dodging
 - Level 1.4 Stealth
 * Level 5.1 Unarmed Combat


You had 4 spell levels left.
You didn't know any spells.

Dungeon Overview and Level Annotations

Branches:
Dungeon (3/15)

Altars:
Qazlal
Xom


Innate Abilities, Weirdness & Mutations

You are too large for most types of armour.
You have claws for hands.
Your metabolism is lightning-fast.
You like to eat raw meat.
Your natural rate of healing is unusually fast.
You are covered in fur. (AC +1)
You have very tough skin. (AC +2)


Message History

You are no longer poisoned.
The ogre shouts!
You see here a ration.
The ogre closely misses you.
You see here a scroll labeled QAUFUO OFUTU.
You scratch the ogre.
The ogre is lightly wounded.
The ogre closely misses you.
You scratch the ogre but do no damage.
The ogre is lightly wounded.
The ogre hits you with a giant club!!
You completely miss the ogre.
The ogre is lightly wounded.
You scratch the ogre.
The ogre is lightly wounded.
The ogre hits you with a giant club!
You scratch the ogre but do no damage.
The ogre is lightly wounded.
The ogre hits you with a giant club!!
You die...

##_## # #...##
8...8 .8###
###..#.# .....
..##.#
##.....# .....
.$>#..#
###..###.#
.....
..##...##...##
# ###....###
#.....##
####..####
##%@O.#
####..# ...#
#..# .# #


You could see an ogre.

Vanquished Creatures
  A black bear (D:3)
  An adder (D:3)
  A worm (D:2)
  3 leopard geckos
  4 bats
  2 giant cockroaches (D:1)
  7 goblins
  11 hobgoblins
  6 jackals
  3 frilled lizards
  9 kobolds
  5 rats
53 creatures vanquished.

Notes
Turn   | Place    | Note
-------+----------+-------------------------------------------
     0 | D:1      | Mrkan the Troll Monk began the quest for the Orb.
     0 | D:1      | Reached XP level 1. HP: 22/22 MP: 0/0
   147 | D:1      | Reached XP level 2. HP: 29/29 MP: 1/1
   551 | D:1      | Reached XP level 3. HP: 35/36 MP: 2/2
  1142 | D:2      | Found a shimmering altar of Xom.
  1557 | D:3      | Noticed a black bear
  1585 | D:3      | Killed a black bear
  1585 | D:3      | Reached skill level 4 in Unarmed Combat
  1585 | D:3      | Reached XP level 4. HP: 8/44 MP: 3/3
  1585 | D:3      | Reached XP level 5. HP: 9/52 MP: 4/4
  1632 | D:3      | Found a stormy altar of Qazlal.
  1709 | D:3      | Reached skill level 5 in Unarmed Combat
  1760 | D:3      | Noticed an ogre
  1769 | D:3      | Slain by an ogre

Skill      XL: |  1  2  3  4  5 |
---------------+----------------+-----
Unarmed Combat | 4 5 |  5.1
Fighting       | |  2.8
Dodging        | |  2.8
Stealth        | |  1.4

Action                   |  1- 3 |  4- 6 || total
-------------------------+-------+-------++-------
Melee: Unarmed           |   101 |    24 ||   125
       Punch             |     1 |       ||     1
 Stab: Sleeping          |     1 |     1 ||     2
  Eat: Chunk             |    20 |     2 ||    22
Armor: Robe              |    34 |     5 ||    39
Dodge: Dodged            |    76 |     9 ||    85
